 Dungeon Crawl Stone Soup version 0.29.1-12-g30fa7ad0bf (webtiles) character file.

Game seed: 18111946497793496389

328692 DildoBatman the Metallomancer (level 22, -1/181 HPs)
             Began as a Formicid Conjurer on Jan 5, 2023.
             Was an Initiate of Gozag.
             Killed from afar by a servant of whispers (11 damage)
             ... with a bolt of lightning
             ... in the Desolation of Salt.
             The game lasted 02:34:01 (38660 turns).

DildoBatman the Metallomancer (Formicid Conjurer)  Turns: 38660, Time: 02:34:02

Health: -1/181     AC: 25    Str: 12    XL:     22   Next: 67%
Magic:  20/41      EV: 13    Int: 32    God:    Gozag
Gold:   14277      SH: 18    Dex: 10    Spells: 26/51 levels left

rFire   . . .      SeeInvis +   b - +2 arbalest (freeze)
rCold   . . .      Faith    .   G - +0 tower shield
rNeg    . . .      Spirit   .   o - +4 troll leather armour
rPois   +          Reflect  .   (helmet unavailable)
rElec   .          Harm     .   h - +2 cloak
rCorr   .          Rampage  .   L - +3 Mad Mage's Maulers {Infuse+∞ RegenMP Int-3}
Will    ++...                   E - +0 pair of boots
Stlth   ++........              r - amulet of regeneration
HPRegen 2.00/turn               x - +6 ring of intelligence
MPRegen 0.67/turn               I - +4 ring of protection

@: no status effects
A: permanent stasis, dig shafts and tunnels, antennae 3, four strong arms,
iridescent scales 1, clumsy 1, poison resistance, robust 1
}: 2/15 runes: barnacled, gossamer
a: Dig, Renounce Religion, Potion Petition, Call Merchant, Bribe Branch


You were in the Desolation of Salt.
You worshipped Gozag.
Gozag was extremely pleased with you.
You visited 7 branches of the dungeon, and saw 35 of its levels.
You also visited: Sewer, Gauntlet and Desolation.

You collected 15206 gold pieces.
You spent 484 gold pieces at shops.
You paid 445 gold pieces to Gozag.

Inventory:

Hand Weapons
 a - a +8 demon trident of freezing
 b - a +2 arbalest of freezing (weapon)
 d - the +5 great mace "Xetir" {vorpal, rF+ Will+ Dex+4}
   (You found it on level 4 of the Shoals)

   It inflicts extra damage upon your enemies.
   Dex:       It affects your dexterity (+4).
   rF:        It protects you from fire.
   Will:      It increases your willpower.
 F - the +2 mace "Tyjut" {flame, rElec Int-3 Dex+4}
   (You found it on level 4 of the Spider Nest)

   It burns those it strikes, dealing additional fire damage.
   Int:       It affects your intelligence (-3).
   Dex:       It affects your dexterity (+4).
   rElec:     It insulates you from electricity.
Missiles
 w - 7 silver javelins
 A - 7 throwing nets
Armour
 h - a +2 cloak (worn)
 o - a +4 troll leather armour (worn)
 E - a +0 pair of boots (worn)
 G - a +0 tower shield (worn)
 L - the +3 Mad Mage's Maulers (worn) {Infuse+∞ RegenMP Int-3}
   (You found it on level 4 of the Spider Nest)

   It empowers its wearer's blows with all of their magic.
   It causes its wearer's magical reserves to regenerate more quickly.
   Int:       It affects your intelligence (-3).
Magical Staves
 c - a staff of earth
Jewellery
 i - an amulet of reflection
 r - an amulet of regeneration (around neck)
 t - the ring "Wadosod" {rPois rC+ SInv}
   (You took it off a kobold demonologist on level 11 of the Dungeon)

   [ring of see invisible]

   rC:        It protects you from cold.
   rPois:     It protects you from poison.
   SInv:      It lets you see invisible.
 x - a +6 ring of intelligence (left hand)
 I - a +4 ring of protection (right hand)
 O - a ring of resist corrosion
 R - a +6 ring of intelligence
 W - a ring of willpower
 Z - a ring of willpower
Wands
 e - a wand of roots (33)
 y - a wand of acid (29)
Scrolls
 k - 2 scrolls of fear
 l - 3 scrolls of amnesia
 n - a scroll of brand weapon
 p - 4 scrolls of enchant armour
 u - 13 scrolls of butterflies
 z - 19 scrolls of identify
 C - 8 scrolls of magic mapping
 J - 3 scrolls of summoning
 P - 7 scrolls of immolation
 S - 5 scrolls of torment
 X - 11 scrolls of poison
Potions
 m - 8 potions of might
 q - 8 potions of heal wounds
 s - 7 potions of magic
 v - 5 potions of cancellation
 H - 4 potions of brilliance
 M - 4 potions of mutation
 N - 3 potions of invisibility
 T - 12 potions of curing
 U - 10 potions of ambrosia
 V - 8 potions of resistance
Miscellaneous
 f - a phantom mirror
 B - a box of beasts
 D - a lightning rod (4/4)


   Skills:
 - Level 12.0 Fighting
 - Level 12.0 Armour
 - Level 9.0 Dodging
 - Level 2.4 Stealth
 - Level 16.0 Shields
 - Level 15.0 Spellcasting
 - Level 6.0 Conjurations
 * Level 19.1 Necromancy
 - Level 6.0 Air Magic
 * Level 21.1 Earth Magic
 - Level 6.0 Poison Magic


You had 26 spell levels left.
You knew the following spells:

 Your Spells              Type           Power      Damage    Failure   Level
a - Borgnjor's Vile Clut  Necr/Erth      50%        N/A       1%          5
d - Vampiric Draining     Necr           98%        2d13      0%          3
e - Mephitic Cloud        Conj/Pois/Air  58%        N/A       1%          3
g - Necromutation         Tmut/Necr      35%        N/A       100%        8
h - Dispel Undead         Necr           98%        3d31      1%          4
z - Sublimation of Blood  Necr           98%        N/A       0%          2

Your spell library contained the following spells:

 Spells                   Type           Power      Damage    Failure   Level
 Necrotise                Necr           100%       1d9       0%          1
 Magic Dart               Conj           100%       1d8       1%          1
 Shock                    Conj/Air       100%       1d9       1%          1
 Poisonous Vapours        Pois/Air       100%       N/A       1%          2
 Searing Ray              Conj           100%       2d8       1%          2
 Anguish                  Hex/Necr       35%        N/A       1%          4
 Leda's Liquefaction      Hex/Erth       37%        N/A       1%          4
 Agony                    Necr           98%        N/A       1%          5
 Death Channel            Necr           49%        N/A       1%          6
 Dazzling Flash           Conj/Hex       86%        N/A       4%          3
 Spider Form              Tmut/Pois      43%        N/A       4%          3
 Airstrike                Air            29%        2d(5-21)  4%          4
 Apportation              Tloc           48%        N/A       5%          1
 Beastly Appendage        Tmut           48%        N/A       5%          1
 Summon Small Mammal      Summ           96%        N/A       5%          1
 Ignite Poison            Fire/Tmut/Pois 36%        N/A       7%          3
 Call Imp                 Summ           24%        N/A       9%          2
 Wereblood                Tmut           24%        N/A       9%          2
 Lightning Bolt           Conj/Air       29%        1d45      13%         5
 Borgnjor's Revivificati  Necr           49%        N/A       14%         8
 Infestation              Necr           49%        N/A       14%         8
 Confusing Touch          Hex            24%        N/A       16%         3
 Frozen Ramparts          Ice            48%        1d8       16%         3
 Lesser Beckoning         Tloc           24%        N/A       16%         3
 Ozocubu's Armour         Ice            24%        N/A       16%         3
 Fulminant Prism          Conj/Hex       21%        3d13      16%         4
 Hailstorm                Conj/Ice       43%        3d10      16%         4
 Iskenderun's Mystic Bla  Conj/Tloc      43%        2d10      16%         4
 Summon Lightning Spire   Summ/Air       43%        N/A       16%         4
 Freezing Cloud           Conj/Ice/Air   24%        6-21      28%         5
 Fireball                 Conj/Fire      21%        3d10      41%         5
 Ice Form                 Ice/Tmut       24%        N/A       47%         4
 Summon Ice Beast         Ice/Summ       24%        N/A       47%         4
 Haunt                    Necr/Summ      35%        N/A       67%         7
 Manifold Assault         Tloc           24%        N/A       83%         5
 Metabolic Englaciation   Hex/Ice        12%        N/A       83%         5
 Yara's Violent Unravell  Hex/Tmut       12%        3d7       83%         5
 Death's Door             Necr           49%        N/A       91%         9
 Starburst                Conj/Fire      21%        6d7       94%         6
 Malign Gateway           Summ/Tloc      12%        N/A       100%        7
 Summon Hydra             Summ           12%        N/A       100%        7
 Disjunction              Tloc           12%        N/A       100%        8
 Ignition                 Fire           12%        3d6       100%        8
 Summon Horrible Things   Summ           12%        N/A       100%        8
 Swiftness                Air            Unusable   N/A       N/A         3
 Corpse Rot               Necr/Pois/Air  Unusable   N/A       N/A         4
 Blink                    Tloc           Unusable   N/A       N/A         2
 Simulacrum               Ice/Necr       Unusable   N/A       N/A         6

Dungeon Overview and Level Annotations

Branches:
Dungeon (15/15)            Temple (1/1) D:7            Lair (5/5) D:8
 Shoals (4/4) Lair:2       Spider (4/4) Lair:2        Slime (0/5) Lair:5
    Orc (2/2) D:11            Elf (0/3) Orc:2        Vaults (4/5) D:14
  Crypt (0/3) Vaults:3     Depths (0/4) D:15          Sewer (visited)
Desolation (1/1)          Gauntlet (visited)

Altars:
Ashenzari
Cheibriados
Dithmenos
Elyvilon
Fedhas
Gozag
Hepliaklqana
Kikubaaqudgha
Makhleb
Nemelex Xobeh
Okawaru
Qazlal
Ru
Sif Muna
Trog
Uskayaw
Vehumet
Wu Jian
Xom
Yredelemnul
Zin
The Shining One
Jiyva

Shops:
D:5 [   D:9 ?*   D:15 *   Orc:2 !(?=   Shoals:1 (:   Shoals:2 =[   Vaults:1 =


Innate Abilities, Weirdness & Mutations

You cannot be hasted, slowed, berserked, paralysed or teleported.
You can dig through walls and to a lower floor.
You have a pair of large antennae on your head. (SInv)
Your four strong arms can wield two-handed weapons with a shield.
You are partially covered in iridescent scales. (AC +2)
You are clumsy. (Dex -2)
Your system is resistant to poisons. (rPois)
You are robust. (+10% HP)


Message History

You destroy the peacekeeper!
The servant of whispers is distracted by your dazzling golden aura.
You shoot a bolt. The servant of whispers shouts!
The bolt hits the ironbound convoker!
The bolt freezes the ironbound convoker.
You kill the ironbound convoker!
You shoot a bolt. The bolt hits the servant of whispers!!
The bolt freezes the servant of whispers.
The servant of whispers is no longer distracted by gold.
The servant of whispers is moderately wounded.
Casting: Borgnjor's Vile Clutch (safe; 1% risk of failure)
Confirm with . or Enter, or press ? or * to list all spells.
Aiming: Borgnjor's Vile Clutch (safe; 1% risk of failure)
Press: ? - help, Shift-Dir - straight line, f/p - servant of whispers
Aim: a servant of whispers, wielding a +0 spear and wearing a +0 robe (moderately wounded, 100% to hit)
Zombie hands grab the servant of whispers.
The zombie hands constrict the servant of whispers!
The servant of whispers mumbles some strange prayers to its god against you.
The bolt of lightning hits you!!
You shoot a bolt.
The bolt hits the servant of whispers but does no damage.
The servant of whispers is moderately wounded.
The zombie hands constrict the servant of whispers!!
The servant of whispers mumbles some strange prayers to its god against you.
The bolt of lightning hits you!!
The servant of whispers calls down the wrath of its god upon you.
The bolt of lightning hits you!!
You shoot a bolt. The bolt hits the servant of whispers.
The bolt freezes the servant of whispers.
The servant of whispers is severely wounded.
The zombie hands constrict the servant of whispers!
The servant of whispers mumbles some strange prayers to its god against you.
The bolt of lightning hits you!!!
The servant of whispers mumbles some strange prayers to its god against you.
The bolt of lightning hits you!
You die...
Your body crumbles into a pile of gold.

.§§§###....# ##
§.§.§.......#...
§..§§.......#$..
§§.§§§§§.....a$..
§§.§.§§§.........
......§§§..$.#...
.......§.§..§§§§.....#
.......#§§§§#§§§@..$.#.
......§.......§§.......#
............§§§....$$...
...§...§§..§§§§.........
...§§§§§§§..§.§§....$...
..§§§§§§§..............#
....§§§§§.§.............
..§.§§§§§§§..#..........
...§§§§§§§.§§.§........


You could see a servant of whispers (clutched).

Vanquished Creatures
  A dread lich (Vaults:3)
  Mara (Vaults:2)
  Margery (Vaults:2)
  Nikola (Vaults:2)
  A titan (Vaults:1)
  Asterion (Spider:3)
  A tentacled monstrosity (Shoals:1)
  The ghost of mpzz the Warrior, an adept MiFi of Okawaru (Spider:4)
  Gastronok (D:7)
  An ancient champion (Vaults:3)
  A kraken (Shoals:1)
  Donald (Spider:4)
  A tengu reaver (Vaults:2)
  A storm dragon (Shoals:4)
  Ilsuiw (Shoals:2)
  A frost giant (Vaults:1)
  10 vault wardens
  A fire giant (Vaults:3)
  2 ghost moths (Spider:4)
  6 emperor scorpions
  A cacodemon (Gauntlet)
  A broodmother (Spider:3)
  2 orc warlords
  A very ugly thing (D:15)
  10 ironbound preservers
  A war gargoyle (Vaults:3)
  2 ironbound thunderhulks
  A vampire knight (Vaults:3)
  A minotaur (Gauntlet)
  12 dire elephants
  2 spark wasps
  7 entropy weavers
  Azrael (Spider:3)
  4 merfolk javelineers
  Josephine (Orc:2)
  A deep elf death mage (Vaults:3)
  20 merfolk impalers
  Fannar (Orc:1)
  A fire dragon (Lair:5)
  7 yaktaur captains
  A servant of whispers (Desolation)
  5 great orbs of eyes
  6 vault guards
  7 boulder beetles
  12 hydras
  4 peacekeepers
  5 centaur warriors
  4 ironbound frosthearts
  2 radroaches
  2 alligator snapping turtles
  8 jorogumos
  5 merfolk aquamancers
  A satyr (Shoals:2)
  8 death scarabs (Spider:4)
  5 orc high priests (Orc:2)
  5 death yaks (Lair:3)
  3 hell knights (Vaults:2)
  Urug (Orc:2)
  Sonja (D:10)
  2 soul eaters
  Nergalle (D:10)
  Amaemon (Lair:2)
  3 steelbarb worms (Spider:4)
  A sun moth (Spider:3)
  11 pharaoh ants
  A glowing orange brain (Vaults:4)
  29 deep trolls
  8 orb spiders
  An orange crystal statue (D:10)
  A swamp dragon (Lair:5)
  15 sea snakes
  3 necromancers (Vaults:2)
  8 orc knights
  12 ironbound convokers
  A deep elf pyromancer (D:13)
  5 wizards
  8 lindwurms
  2 wolf spider zombies (Spider:4)
  12 harpies
  19 manticores
  3 orc sorcerers (Orc:1)
  17 ugly things
  5 cyclopes
  4 moths of wrath
  18 wolf spiders
  17 elephants
  A moth of wrath (shapeshifter) (Vaults:1)
  3 fauns (Shoals:2)
  11 merfolk sirens
  A guardian serpent (Lair:5)
  Joseph (D:10)
  2 apocalypse crabs (Shoals:1)
  13 water nymphs
  11 black mambas
  3 gargoyles
  A cane toad (shapeshifter) (D:15)
  11 cane toads
  2 torpor snails (Spider:2)
  13 vault sentinels
  4 kobold demonologists
  An orange demon (Lair:2)
  9 demonic crawlers
  2 unseen horrors (D:10)
  2 spectral redbacks (Spider:4)
  11 komodo dragons
  22 yaktaurs
  4 rime drakes
  A redback zombie (Spider:4)
  27 merfolk
  A queen bee (Spider:1)
  6 meliai
  11 wind drakes
  3 hornets (Lair:5)
  13 tarantellas
  2 spectral tarantellas (Spider:4)
  5 trolls
  5 spectral jumping spiders (Spider:4)
  10 dream sheep
  5 saltlings (Desolation)
  9 blink frogs
  3 tarantella zombies (Spider:4)
  25 slime creatures
  11 snapping turtles
  3 jumping spider zombies (Spider:4)
  33 jumping spiders
  10 culicivoras
  20 water elementals
  A shadow (D:11)
  5 wraiths
  An air elemental (Shoals:4)
  2 vampires
  A ynoxinul (Gauntlet)
  16 wyverns
  21 humans (D:14)
  43 yaks
  Grum (D:8)
  3 fire elementals (Spider:3)
  40 redbacks
  6 steam dragons
  3 basilisks
  3 neqoxecs (Gauntlet)
  15 vampire mosquitoes
  3 wargs
  4 acid dragons
  A floating eye (shapeshifter) (D:15)
  4 hell hounds (Spider:3)
  23 water moccasins
  4 floating eyes (D:10)
  3 ice beasts
  44 orc warriors
  3 black bears
  5 wolves
  9 ogres
  9 boggarts
  18 centaurs
  A phantom (D:4)
  3 kobold brigands
  4 gnoll sergeants (D:7)
  16 bullfrogs
  4 scorpions (D:7)
  7 wights
  14 killer bees
  An electric eel (Lair:1)
  2 howler monkeys
  15 hounds
  4 gnoll boudas
  37 orc priests
  8 jellies
  6 iguanas
  4 iron imps (Gauntlet)
  Ijyb (D:2)
  Natasha (thrice) (D:2)
  19 orc wizards
  Terence (D:2)
  13 adders
  33 gnolls
  4 river rats
  4 shadow imps
  2 white imps
  2 ufetubi
  2 worms
  3 dart slugs
  93 orcs
  15 endoplasms
  12 giant cockroaches
  4 goblins
  7 hobgoblins
  10 jackals
  25 kobolds
  5 quokkas
  10 ball pythons
  6 bats
  3 frilled lizards
  13 rats
  3 tentacles (Shoals:1)
1446 creatures vanquished.

Vanquished Creatures (others)
  A moth of wrath (Spider:2)
  A yak (Lair:5)
  4 demonic plants (Gauntlet)
  32 fungi
  118 plants
  6 tentacles (Shoals:1)
  5 toadstools (D:2)
167 creatures vanquished.

Grand Total: 1613 creatures vanquished

Notes
Turn   | Place    | Note
-------+----------+-------------------------------------------
     0 | D:1      | DildoBatman the Formicid Conjurer began the quest for the
                  | Orb.
     0 | D:1      | Reached XP level 1. HP: 13/13 MP: 3/3
   209 | D:1      | Reached XP level 2. HP: 18/20 MP: 1/5
   212 | D:1      | Learned a level 2 spell: Searing Ray
   386 | D:1      | Found a faded altar of an unknown god.
   514 | D:1      | Reached skill level 1 in Fighting
   514 | D:1      | Reached skill level 1 in Armour
   514 | D:1      | Reached XP level 3. HP: 26/26 MP: 2/6
  1268 | D:2      | Noticed Natasha
  1346 | D:2      | Reached XP level 4. HP: 32/32 MP: 8/8
  1920 | D:3      | Found a hazy altar of Hepliaklqana.
  1971 | D:3      | Noticed Ijyb
  2203 | D:3      | Reached XP level 5. HP: 30/38 MP: 9/9
  2578 | D:3      | Noticed an ogre
  2591 | D:3      | Reached XP level 6. HP: 38/46 MP: 10/11
  2594 | D:3      | Killed an ogre
  2873 | D:4      | Found a shimmering blue altar of Sif Muna.
  3092 | D:4      | Reached XP level 7. HP: 38/52 MP: 10/13
  3217 | D:5      | Entered Level 5 of the Dungeon
  3229 | D:5      | Reached skill level 5 in Conjurations
  3238 | D:5      | Found a shadowy altar of Dithmenos.
  3258 | D:5      | Found a glowing drain.
  3383 | Sewer    | Entered a sewer
  3837 | Sewer    | Found a viscous altar of Jiyva.
  3904 | Sewer    | Reached skill level 5 in Spellcasting
  4117 | D:6      | Reached XP level 8. HP: 17/58 MP: 6/16
  4944 | D:7      | Found a staircase to the Ecumenical Temple.
  4956 | Temple   | Entered the Ecumenical Temple
  4963 | Temple   | Became a worshipper of Kikubaaqudgha
  5113 | D:2      | Killed Ijyb
  5200 | D:2      | Killed Natasha
  5225 | D:2      | Noticed Terence
  5233 | D:2      | Killed Terence
  5245 | D:2      | Noticed Natasha
  5249 | D:2      | Killed Natasha
  5293 | D:2      | Noticed Natasha
  5295 | D:2      | Killed Natasha
  5532 | D:4      | Reached * piety under Kikubaaqudgha
  5532 | D:4      | Received a gift from Kikubaaqudgha
  5536 | D:4      | Learned a level 2 spell: Sublimation of Blood
  5540 | D:4      | Learned a level 3 spell: Vampiric Draining
  5738 | D:4      | Reached XP level 9. HP: 35/65 MP: 19/19
  5746 | D:4      | Reached skill level 1 in Necromancy
  6549 | D:5      | Found Iharunn's Armour Shop.
  6573 | D:5      | Reached skill level 5 in Fighting
  6573 | D:5      | Reached skill level 5 in Armour
  7828 | D:7      | Reached ** piety under Kikubaaqudgha
  7829 | D:7      | Reached skill level 5 in Necromancy
  8274 | D:7      | Reached XP level 10. HP: 74/74 MP: 20/20
  8293 | D:7      | Reached skill level 1 in Shields
  8584 | D:7      | Reached *** piety under Kikubaaqudgha
  8584 | D:7      | Received a gift from Kikubaaqudgha
  8679 | D:7      | Learned a level 4 spell: Dispel Undead
  8685 | D:7      | Learned a level 5 spell: Borgnjor's Vile Clutch
  8758 | D:7      | Reached skill level 5 in Shields
  9393 | D:7      | Noticed a komodo dragon
  9538 | D:7      | Reached skill level 1 in Earth Magic
  9632 | D:7      | Reached skill level 2 in Earth Magic
  9660 | D:7      | Reached **** piety under Kikubaaqudgha
  9764 | D:7      | Reached skill level 3 in Earth Magic
  9960 | D:7      | Killed a komodo dragon
  9961 | D:7      | Reached skill level 4 in Earth Magic
 10075 | D:7      | Gained mutation: Your body sometimes deteriorates upon
                  | taking damage. [potion of mutation]
 10075 | D:7      | Gained mutation: Your flesh is heat resistant. (rF+)
                  | [potion of mutation]
 10132 | D:7      | Lost mutation: Your body sometimes deteriorates upon taking
                  | damage. [potion of mutation]
 10132 | D:7      | Lost mutation: Your flesh is heat resistant. (rF+) [potion
                  | of mutation]
 10132 | D:7      | Gained mutation: You expend magic power (3 MP) to
                  | strengthen your wands. [potion of mutation]
 10132 | D:7      | Gained mutation: Your flesh is heat resistant. (rF+)
                  | [potion of mutation]
 10133 | D:7      | Lost mutation: You expend magic power (3 MP) to strengthen
                  | your wands. [potion of mutation]
 10133 | D:7      | Lost mutation: Your flesh is heat resistant. (rF+) [potion
                  | of mutation]
 10133 | D:7      | Gained mutation: You are frail. (-10% HP) [potion of
                  | mutation]
 10133 | D:7      | Gained mutation: You are agile. (Dex +4, Str/Int -1)
                  | [potion of mutation]
 10134 | D:7      | Lost mutation: You are agile. (Dex +4, Str/Int -1) [potion
                  | of mutation]
 10134 | D:7      | Lost mutation: You are frail. (-10% HP) [potion of
                  | mutation]
 10134 | D:7      | Gained mutation: You are weak. (Str -2) [potion of
                  | mutation]
 10134 | D:7      | Gained mutation: You occasionally lose the ability to drink
                  | potions when taking damage. [potion of mutation]
 10135 | D:7      | Lost mutation: You are weak. (Str -2) [potion of mutation]
 10135 | D:7      | Lost mutation: You occasionally lose the ability to drink
                  | potions when taking damage. [potion of mutation]
 10135 | D:7      | Gained mutation: You have hidden genetic potential. [potion
                  | of mutation]
 10135 | D:7      | Gained mutation: You are frail. (-10% HP) [potion of
                  | mutation]
 10159 | D:8      | Noticed Gastronok
 10338 | D:8      | Found a staircase to the Lair.
 10395 | D:8      | Reached skill level 5 in Earth Magic
 10503 | D:8      | Noticed Grum
 10511 | D:8      | Reached XP level 11. HP: 63/71 MP: 21/21
 10515 | D:8      | Killed Grum
 10516 | D:8      | Reached skill level 6 in Earth Magic
 10578 | D:8      | Reached skill level 7 in Earth Magic
 11188 | D:9      | Found Vorytime's Magic Scroll Shop.
 11364 | D:9      | Found a sparkling altar of Nemelex Xobeh.
 11364 | D:9      | Found a stormy altar of Qazlal.
 11427 | D:9      | Noticed a manticore
 11462 | D:9      | Killed a manticore
 11463 | D:9      | Reached skill level 8 in Earth Magic
 11572 | D:9      | Bought a scroll of enchant armour for 105 gold pieces
 11662 | D:9      | Reached ***** piety under Kikubaaqudgha
 11724 | D:9      | Found Piuwkotha's Assorted Antiques.
 11732 | D:9      | Bought a scroll labelled NOEMEJ ZECIKEO for 27 gold pieces
 11732 | D:9      | Bought a metallic blue potion for 24 gold pieces
 11862 | D:9      | Lost mutation: You are frail. (-10% HP) [hidden potential]
 11867 | D:9      | Reached skill level 9 in Earth Magic
 11894 | D:9      | Noticed a seven-headed hydra
 11931 | D:9      | Killed a seven-headed hydra
 12252 | D:10     | Entered Level 10 of the Dungeon
 12252 | D:10     | Noticed Joseph
 12260 | D:10     | Killed Joseph
 12318 | D:10     | Reached skill level 10 in Earth Magic
 12478 | D:10     | Reached XP level 12. HP: 86/86 MP: 22/22
 12608 | D:10     | Noticed Sonja
 12628 | D:10     | Killed Sonja
 12629 | D:10     | Reached skill level 10 in Necromancy
 12629 | D:10     | Reached skill level 11 in Earth Magic
 12646 | D:10     | Noticed Nergalle
 12654 | D:10     | Killed Nergalle
 12735 | D:10     | Noticed a centaur warrior
 12742 | D:10     | Gained mutation: You are partially covered in iridescent
                  | scales. (AC +2) [hidden potential]
 12742 | D:10     | Lost mutation: You have hidden genetic potential. [hidden
                  | potential expressed]
 12974 | D:10     | Reached skill level 12 in Earth Magic
 13073 | D:11     | Found a gate leading to a gauntlet.
 13144 | D:11     | Identified the ring "Wadosod" {rPois rC+ SInv}
 13249 | D:11     | Found a staircase to the Orcish Mines.
 13331 | Gauntlet | Entered a Gauntlet
 13331 | Gauntlet | Found a transporter.
 13331 | Gauntlet | Found a runed translucent door.
 13332 | Gauntlet | Found a runed translucent door.
 13336 | Gauntlet | Found a transporter.
 13340 | Gauntlet | Found a transporter.
 13342 | Gauntlet | Noticed a soul eater
 13351 | Gauntlet | Found a transporter.
 13352 | Gauntlet | Found a transporter.
 13358 | Gauntlet | Noticed an entropy weaver
 13360 | Gauntlet | Found a transporter.
 13364 | Gauntlet | Found a transporter.
 13372 | Gauntlet | Found a transporter.
 13372 | Gauntlet | Noticed a dire elephant
 13376 | Gauntlet | Found a transporter.
 13379 | Gauntlet | Noticed a cacodemon
 13384 | Gauntlet | Found a transporter.
 13405 | Gauntlet | Found a transporter.
 13417 | Gauntlet | Found a transporter.
 13430 | Gauntlet | Found a transporter.
 13442 | Gauntlet | Found a transporter.
 13537 | Gauntlet | Killed a soul eater
 13538 | Gauntlet | Reached XP level 13. HP: 72/91 MP: 23/23
 13578 | Gauntlet | Killed an entropy weaver
 13583 | Gauntlet | Identified the +2 helmet of Anarchy {rElec}
 13693 | Gauntlet | Killed a dire elephant
 13755 | Gauntlet | Gained mutation: Your spells are a little easier to cast,
                  | but a little less powerful. [a neqoxec]
 13762 | Gauntlet | Gained mutation: Your flesh is heat resistant. (rF+) [a
                  | cacodemon]
 13763 | Gauntlet | Reached ****** piety under Kikubaaqudgha
 13766 | Gauntlet | Killed a cacodemon
 13767 | Gauntlet | Reached skill level 10 in Shields
 13843 | Gauntlet | Noticed a minotaur
 13852 | Gauntlet | Killed a minotaur
 14448 | D:11     | Received a gift from Kikubaaqudgha
 14449 | D:11     | Fell from the grace of Kikubaaqudgha
 14576 | Temple   | Became a worshipper of Gozag Ym Sagoz the Greedy
 14612 | D:7      | Killed Gastronok
 14675 | Orc:1    | Entered Level 1 of the Orcish Mines
 14676 | Orc:1    | Noticed Fannar
 14690 | Orc:1    | Killed Fannar
 15081 | Orc:1    | Noticed an orc warlord
 15099 | Orc:1    | Killed an orc warlord
 15400 | Orc:2    | Entered Level 2 of the Orcish Mines
 15417 | Orc:2    | Found a staircase to the Elven Halls.
 15563 | Orc:2    | Noticed Urug
 15569 | Orc:2    | Killed Urug
 15838 | Orc:2    | Noticed Josephine
 15859 | Orc:2    | Killed Josephine
 15888 | Orc:2    | Reached XP level 14. HP: 80/101 MP: 24/24
 16009 | Orc:2    | Reached skill level 15 in Shields
 16262 | Orc:2    | Reached skill level 5 in Dodging
 16408 | Orc:2    | Found Fiecyakk's Distillery.
 16408 | Orc:2    | Found Gauruut's Jewellery Shoppe.
 16409 | Orc:2    | Found Emaoh's Weapon Shoppe.
 16409 | Orc:2    | Found Anlop's Magic Scroll Emporium.
 16417 | Orc:2    | Bought a potion of invisibility for 112 gold pieces
 16417 | Orc:2    | Bought a potion of ambrosia for 112 gold pieces
 16420 | Orc:2    | Bought a scroll of amnesia for 52 gold pieces
 18224 | D:14     | Reached XP level 15. HP: 99/110 MP: 21/27
 18606 | D:14     | Lost mutation: You are partially covered in iridescent
                  | scales. (AC +2) [potion of mutation]
 18606 | D:14     | Lost mutation: Your spells are a little easier to cast, but
                  | a little less powerful. [potion of mutation]
 18606 | D:14     | Gained mutation: You are robust. (+10% HP) [potion of
                  | mutation]
 18607 | D:14     | Lost mutation: Your flesh is heat resistant. (rF+) [potion
                  | of mutation]
 18607 | D:14     | Lost mutation: You are robust. (+10% HP) [potion of
                  | mutation]
 18607 | D:14     | Gained mutation: You occasionally lose the ability to drink
                  | potions when taking damage. [potion of mutation]
 18607 | D:14     | Gained mutation: You have sharp toenails. [potion of
                  | mutation]
 18608 | D:14     | Lost mutation: You occasionally lose the ability to drink
                  | potions when taking damage. [potion of mutation]
 18608 | D:14     | Lost mutation: You have sharp toenails. [potion of
                  | mutation]
 18608 | D:14     | Gained mutation: You occasionally lose the ability to read
                  | scrolls when taking damage. [potion of mutation]
 18608 | D:14     | Gained mutation: Your spells are a little harder to cast,
                  | but a little more powerful. [potion of mutation]
 18821 | D:14     | Found a gate to the Vaults.
 18907 | D:15     | Entered Level 15 of the Dungeon
 19397 | D:15     | Found Peelimea's General Store.
 19402 | D:15     | Bought a scroll of poison for 52 gold pieces
 19969 | D:15     | Noticed a purple very ugly thing
 19989 | D:15     | Killed a white very ugly thing
 20039 | D:15     | Found a staircase to the Depths.
 20314 | Lair:1   | Entered Level 1 of the Lair of Beasts
 20682 | Lair:1   | Reached skill level 10 in Armour
 20688 | Lair:1   | Reached skill level 10 in Fighting
 21024 | Lair:2   | Reached skill level 10 in Spellcasting
 21065 | Lair:2   | Found a staircase to the Shoals.
 21248 | Lair:2   | Noticed Amaemon
 21255 | Lair:2   | Killed Amaemon
 21463 | Lair:2   | Found a sacrificial altar of Ru.
 21552 | Lair:2   | Found a hole to the Spider Nest.
 21558 | Lair:2   | Reached XP level 16. HP: 122/122 MP: 25/30
 22732 | Lair:3   | Was forgiven by Kikubaaqudgha
 22777 | Lair:3   | Identified the +4 ring mail "Lami" {rC+ Will- rCorr Str+3
                  | Dex+8}
 23085 | Lair:4   | Learned a level 3 spell: Mephitic Cloud
 23313 | Lair:4   | Reached skill level 1 in Poison Magic
 23560 | Lair:4   | Lost mutation: You occasionally lose the ability to read
                  | scrolls when taking damage. [potion of mutation]
 23560 | Lair:4   | Lost mutation: Your spells are a little harder to cast, but
                  | a little more powerful. [potion of mutation]
 23560 | Lair:4   | Gained mutation: Your system is resistant to poisons.
                  | (rPois) [potion of mutation]
 23560 | Lair:4   | Gained mutation: You are clumsy. (Dex -2) [potion of
                  | mutation]
 23560 | Lair:4   | Gained mutation: You are robust. (+10% HP) [potion of
                  | mutation]
 23560 | Lair:4   | Gained mutation: You are partially covered in iridescent
                  | scales. (AC +2) [potion of mutation]
 23580 | Lair:4   | Reached skill level 1 in Air Magic
 24087 | Lair:5   | Entered Level 5 of the Lair of Beasts
 25266 | Lair:5   | Found a staircase to the Slime Pits.
 25266 | Lair:5   | Found a viscous altar of Jiyva.
 25644 | Spider:1 | Entered Level 1 of the Spider Nest
 25696 | Lair:2   | Reached XP level 17. HP: 65/144 MP: 13/32
 25773 | Lair:2   | Reached skill level 5 in Poison Magic
 26549 | Spider:2 | Identified the +1 chain mail of Ryhozxi {*Slow rElec rN+++
                  | Stlth-}
 27447 | Spider:3 | Reached skill level 5 in Air Magic
 27693 | Spider:3 | Noticed Asterion
 27706 | Spider:3 | Killed Asterion
 28155 | Spider:3 | Noticed Azrael
 28215 | Spider:3 | Reached XP level 18. HP: 149/151 MP: 28/34
 28486 | Spider:3 | Killed Azrael
 28595 | Spider:4 | Entered Level 4 of the Spider Nest
 28681 | Spider:4 | Reached skill level 13 in Earth Magic
 28777 | Spider:4 | Identified the +2 mace "Tyjut" {flame, rElec Int-3 Dex+4}
 28874 | Spider:4 | Noticed Donald
 29221 | Spider:4 | Found a runed translucent door.
 29223 | Spider:4 | Noticed mpzz's ghost (adept MiFi)
 29232 | Spider:4 | Killed mpzz's ghost
 29241 | Spider:4 | Got the Quarto of Wanderlust and Hexes
 29299 | Spider:4 | Killed Donald
 29948 | Spider:4 | Reached skill level 14 in Earth Magic
 30135 | Spider:4 | Found the +3 Mad Mage's Maulers {Infuse+∞ RegenMP Int-3}
 30157 | Spider:4 | Got a gossamer rune of Zot
 30424 | Shoals:1 | Entered Level 1 of the Shoals
 30537 | Shoals:1 | Found Hifreon's Book Boutique.
 30630 | Shoals:1 | Found Ivuukioh's Antique Weapon Shoppe.
 31086 | Shoals:2 | Reached skill level 15 in Earth Magic
 31086 | Shoals:2 | Reached XP level 19. HP: 160/160 MP: 37/37
 31128 | Shoals:2 | Reached XP level 20. HP: 168/168 MP: 32/38
 31185 | Shoals:2 | Found Naris's Armour Emporium.
 31274 | Shoals:2 | Found Dytothobb's Jewellery Shop.
 31402 | Shoals:2 | Noticed Ilsuiw
 31419 | Shoals:2 | Killed Ilsuiw
 32261 | Shoals:4 | Entered Level 4 of the Shoals
 32325 | Shoals:4 | Reached skill level 16 in Earth Magic
 32361 | Shoals:4 | Reached skill level 15 in Necromancy
 32456 | Shoals:4 | Identified the +5 great mace "Xetir" {vorpal, rF+ Will+
                  | Dex+4}
 32493 | Shoals:4 | Reached skill level 15 in Spellcasting
 32957 | Shoals:4 | Reached skill level 17 in Earth Magic
 33179 | Shoals:4 | Got a barnacled rune of Zot
 33547 | Shoals:1 | You are sucked into a shaft and drop 1 floor!
 33550 | Shoals:2 | You are sucked into a shaft and drop 1 floor!
 33554 | Shoals:3 | You are sucked into a shaft and drop 1 floor!
 34592 | Shoals:1 | Noticed a tentacled monstrosity
 34600 | Shoals:1 | Killed a tentacled monstrosity
 34601 | Shoals:1 | Reached XP level 21. HP: 124/174 MP: 1/40
 34606 | Shoals:1 | Identified the ring of Ketaok {rN+ Slay+2}
 34611 | Shoals:1 | Got the Quarto of Mad Ravings
 34843 | D:8      | Learned a level 8 spell: Necromutation
 34990 | Vaults:1 | Entered Level 1 of the Vaults
 35048 | Vaults:1 | Found Wyuh's Jewellery Shop.
 35364 | Vaults:1 | Reached skill level 18 in Earth Magic
 36047 | Vaults:2 | Reached skill level 19 in Earth Magic
 36418 | Vaults:2 | Noticed Margery
 36439 | Vaults:2 | Killed Margery
 36922 | Vaults:2 | Reached XP level 22. HP: 181/181 MP: 39/41
 36930 | Vaults:2 | Noticed Nikola
 36945 | Vaults:2 | Killed Nikola
 36991 | Vaults:2 | Noticed Mara
 36999 | Vaults:2 | Killed Mara
 37020 | Vaults:2 | Reached skill level 20 in Earth Magic
 37567 | Vaults:3 | Noticed a dread lich
 37693 | Vaults:3 | Killed a dread lich
 37895 | Vaults:3 | Found a staircase to the Crypt.
 38566 | Vaults:4 | Reached skill level 21 in Earth Magic
 38586 | Vaults:4 | Found a crumbling gateway.
 38608 | Desolati | Entered the Desolation of Salt
 38660 | Desolati | Killed from afar by a servant of whispers

Illustrated notes

Levels and vault maps discovered:
D:1:      zelgadis_glass_arrival_small, layout_basic,
          shapermc_ecumenical_altar_acropolis, minmay_octomino_j4
D:2:      minmay_skewed_foursquare, layout_loops_cross,
          minmay_gold_behind_fungi, uniq_terence, uniq_natasha
D:3:      layout_basic, mainiacjoe_overflow_tiny_flanked, uniq_ijyb
D:4:      layout_loops_cross, lemuel_doored_altar, dk_noncrumbling_2,
          serial_bayou_pond_e, chequers_serial_rivers_micro_e
D:5:      wander_river, layout_loops_corners, grunt_dithmenos_smoke,
          portal_sewer_entry_b, serial_shops, shop
D:6:      layout_loops_corners
D:7:      nzn_winding_woodlands_three_and_one
          [nzn_winding_woodlands_5x15_crooked,
          nzn_winding_woodlands_5x15_garden, nzn_winding_woodlands_5x15_jagged,
          nzn_winding_woodlands_center_pierced_h], layout_cave_pools,
          minmay_temple_entry_offerings, serial_gnoll_camp,
          gnoll_camp_mini_loothouse, gnoll_camp_mini_doghouse,
          gnoll_camp_huts_basic, gnoll_camp_mini_house, gnoll_camp_medium_01,
          grunt_potential
D:8:      layout_loops_cross, lair_entry_dummy, uniq_grum, uniq_gastronok
D:9:      layout_cross, gammafunk_temple_overflow_pools, serial_shops, shop,
          nicolae_shop_stone, minmay_checkerbox
D:10:     layout_rooms, minivault_16, onia_ninara_cookie, uniq_nergalle,
          uniq_joseph, uniq_sonja
D:11:     layout_loops_cross, minmay_orc_entry_temple_small,
          gauntlet_entry_generic, nrook_mini_backslash
D:12:     layout_cave_pods, hangedman_decor_clover_reticule, st_stairs_3
D:13:     layout_loops_ring
D:14:     layout_roguey, grunt_vaults_entry_tiered
D:15:     gammafunk_enter_depths_forms, layout_stronghold, serial_shops, shop
Temple:   sentei_temple_godly_chess
Lair:1:   layout_chaotic_city, serial_bayou_pond_d, amcnicky_mini_pool_medium
Lair:2:   layout_long_grid, elwin_shoals_entry_rocks,
          nicolae_spider_entry_orb_guardian, basic_altar, uniq_amaemon
Lair:3:   layout_cave_pods
Lair:4:   layout_layer_cave
Lair:5:   guppyfry_lair_end_dragon, layout_concentric_octagons,
          hangedman_lair_tendril_chambers, minmay_slime_entry_pillars,
          minmay_stone_trees_small
Shoals:1: dreamdust_from_the_deep, layout_shoals, serial_shops,
          nicolae_shop_window_shopping, nicolae_lakefront_shop
Shoals:2: layout_shoals, serial_shops, nicolae_shop_waterfront,
          nicolae_diamond_shop, uniq_ilsuiw
Shoals:3: layout_shoals
Shoals:4: shoals_end_hellmonk_storm_palace [storm_palace_center_circular,
          storm_palace_corner_reverse_hut, storm_palace_corner_pillars,
          storm_palace_corner_blocked, storm_palace_corner_pillars]
Spider:1: layout_spider_delve, special_room [special_room_bee]
Spider:2: layout_spider_delve
Spider:3: nicolae_spider_hilbert_zone_7 [nicolae_spider_hilbert_4_sides_1_open,
          nicolae_spider_hilbert_4_sides_1_open,
          nicolae_spider_hilbert_4_sides_1_open,
          nicolae_spider_hilbert_4_sides_1_open,
          nicolae_spider_hilbert_3_sides_1_open,
          nicolae_spider_hilbert_3_sides_1_open,
          nicolae_spider_hilbert_3_sides_1_open,
          nicolae_spider_hilbert_3_sides_1_open,
          nicolae_spider_hilbert_4_sides_1_open,
          nicolae_spider_hilbert_4_sides_1_open,
          nicolae_spider_hilbert_4_sides_1_open,
          nicolae_spider_hilbert_2_sides_1_open,
          nicolae_spider_hilbert_2_sides_1_open,
          nicolae_spider_hilbert_2_sides_1_open,
          nicolae_spider_hilbert_2_sides_1_open,
          nicolae_spider_hilbert_2_sides_1_open,
          nicolae_spider_hilbert_2_sides_1_open], uniq_asterion, uniq_azrael
Spider:4: floodkiller_spider_rune_tomb, ebering_ghost_inner_flame, uniq_donald
Orc:1:    layout_caves, uniq_fannar
Orc:2:    st_orc_pillars, layout_caves, basic_altar, uniq_urug, uniq_josephine
Vaults:1: vaults_room_mumra_shop_pool, grunt_vaults_swirl, v_misc_5,
          v_alt_pattern_3, v_pattern_5, v_misc_10, hangedman_vaults_restitches,
          hangedman_vaults_nails, vaults_room_hangedman_quadrants,
          hangedman_vaults_impose, v_misc_8, vaults_dpeg_emergency_exit,
          layout_vaults_maze
Vaults:2: v_misc_31, v_misc_22, nicolae_vaults_an_arrangement,
          nicolae_vaults_network_square, nicolae_vaults_disjoint_gnomons,
          ontoclasm_vaults_tryst, hangedman_vaults_stitches, vaults_mumra_lcd,
          vaults_room_door_hall, nicolae_vaults_three_branches,
          ontoclasm_vaults_ring_small, layout_vaults_omnibox, uniq_mara,
          uniq_nikola, uniq_margery
Vaults:3: nicolae_vaults_circle_grid_a, ontoclasm_vaults_bender,
          v_alt_pattern_5, minmay_crypt_entry_simple_round, vaults_room_hallway,
          nicolae_vaults_hallways_thing, nicolae_vaults_specimen_jars,
          v_misc_29, nicolae_vaults_rhombus_5, vaults_room_pool,
          vaults_mumra_minichess_inversion, layout_vaults_big_room
Vaults:4: portal_desolation_entry_nicolae_slug, nicolae_vaults_little_squares_4,
          ontoclasm_vaults_hangar, nicolae_vaults_alarming,
          nicolae_vaults_statue_guard, ontoclasm_vaults_misaligned,
          ontoclasm_vaults_hangar, nicolae_vaults_circle_grid_a,
          nicolae_vaults_little_squares_1, vaults_room_grid, v_pattern_1,
          grunt_vaults_bifocal, vaults_room_pools, layout_vaults_big_cross
Desolation

Skill      XL: |  1  2  3  4  5  6  7  8  9 10 11 12 13 14 15 16 17 18 19 20 21 22 |
---------------+-------------------------------------------------------------------+-----
Dodging        | 2 3 4 6 8 9 |  9.0
Fighting       | 1 2 3 4 5 6 8 10 11 12 | 12.0
Armour         | 1 2 3 4 5 6 8 10 11 12 | 12.0
Conjurations   | 4 5 6 |  6.0
Spellcasting   | 3 4 5 7 8 10 11 12 14 15 | 15.0
Necromancy     | 6 7 9 12 14 16 17 19 | 19.1
Shields        | 9 14 16 | 16.0
Earth Magic    | 5 10 12 15 17 19 21 | 21.1
Poison Magic   | 4 6 |  6.0
Air Magic      | 2 5 6 |  6.0
Stealth        | |  2.4

Action                   |  1- 3 |  4- 6 |  7- 9 | 10-12 | 13-15 | 16-18 | 19-21 | 22-24 || total
-------------------------+-------+-------+-------+-------+-------+-------+-------+-------++-------
Melee: Unarmed           |    14 |       |       |       |       |       |       |       ||    14
       Dagger            |    26 |     3 |    11 |       |       |       |       |       ||    40
       Long sword        |       |    12 |       |       |       |       |       |       ||    12
       Flail             |       |       |     6 |   184 |    20 |       |       |       ||   210
       Falchion          |       |       |       |     9 |       |       |       |       ||     9
       Spear             |       |       |       |     6 |       |       |       |       ||     6
       Great sword       |       |       |       |     4 |       |       |       |       ||     4
       Staff             |       |       |       |       |    85 |     1 |       |       ||    86
       Demon trident     |       |       |       |       |   310 |   599 |    47 |       ||   956
 Fire: Shortbow          |       |       |    44 |   129 |     6 |       |       |       ||   179
       Arbalest          |       |       |       |       |     8 |    54 |   435 |   112 ||   609
 Cast: Magic Dart        |    42 |    47 |   109 |       |       |     1 |       |       ||   199
       Searing Ray       |     4 |    13 |    94 |    25 |     5 |       |       |       ||   141
       Vampiric Draining |       |       |     9 |   105 |    74 |    16 |     3 |     5 ||   212
       Borgnjor's Vile C |       |       |       |    70 |   210 |   395 |   309 |    81 ||  1065
       Dispel Undead     |       |       |       |    12 |    11 |    28 |       |     3 ||    54
       Sublimation of Bl |       |       |       |    27 |    79 |   154 |    22 |       ||   282
       Mephitic Cloud    |       |       |       |       |       |     3 |     2 |       ||     5
Invok: Receive Forbidden |       |       |       |       |     1 |       |       |       ||     1
       Renounce Religion |       |       |       |       |     1 |       |       |       ||     1
 Abil: Dig               |       |     2 |     2 |     4 |     2 |     4 |     1 |       ||    15
       Shaft Self        |       |       |       |       |       |       |     3 |       ||     3
  Use: Scroll            |       |     2 |     4 |     9 |    13 |     7 |     6 |     1 ||    42
       Potion            |       |       |       |     6 |     3 |     3 |       |     1 ||    13
 Stab: Sleeping          |     1 |     2 |     1 |     1 |     1 |     1 |       |       ||     7
       Distracted        |       |       |       |       |     3 |     7 |     1 |       ||    11
       Confused          |       |       |       |       |       |     1 |       |       ||     1
Armor: Robe              |    23 |    10 |    22 |    62 |       |       |       |       ||   117
       Troll leather arm |       |       |       |    48 |   116 |   364 |   156 |    33 ||   717
       Acid dragon scale |       |       |       |     8 |       |       |       |       ||     8
Dodge: Dodged            |    41 |    16 |    68 |   202 |   177 |   361 |   148 |    35 ||  1048
Block: Kite shield       |       |       |       |   186 |    29 |       |       |       ||   215
       Tower shield      |       |       |       |       |   479 |   870 |   423 |    92 ||  1864
       Reflection        |       |       |       |       |       |     2 |    44 |     9 ||    55
